 Dungeon Crawl Stone Soup version 0.21-a0-513-gdcb3f5e (webtiles) character file.

58 theanonym the Skirmisher (level 3, -1/29 HPs)
             Began as a Demonspawn Fighter on Dec 3, 2017.
             Slain by a hobgoblin (5 damage)
             ... on level 2 of the Dungeon.
             The game lasted 00:02:27 (1323 turns).

theanonym the Skirmisher (Demonspawn Fighter)       Turns: 1323, Time: 00:02:28

Health: -1/29      AC:  0    Str: 17    XL:     3   Next: 76%
Magic:  3/3        EV: 11    Int:  9    God:
Gold:   105        SH:  0    Dex: 12    Spells: 2/2 levels left

rFire    . . .     SeeInvis .   a - +0 war axe
rCold    + . .     Gourm    .   (no shield)
rNeg     . . .     Faith    .   (no armour)
rPois    .         Spirit   .   (no helmet)
rElec    .         Reflect  .   (no cloak)
rCorr    .         Harm     .   (no gloves)
MR       .....                  (no boots)
Stlth    +.........             (no amulet)
HPRegen  0.09/turn              (no ring)
MPRegen  0.08/turn              (no ring)

@: no status effects
A: cold resistance 1, freezing cloud immunity
a: no special abilities


Innate Abilities, Weirdness & Mutations

Your flesh is cold resistant. (rC+)
You are immune to freezing clouds.


   Skills:
 + Level 3.6 Fighting
 * Level 3.2 Axes
 - Level 2.6 Armour
   Level 2.6 Shields


You had 2 spell levels left.
You didn't know any spells.

Skill      XL: |  1  2  3 |
---------------+----------+-----
Axes           | 2 3 |  3.2
Fighting       | |  3.6
Armour         | |  2.6
Shields        | |  2.6

Action                   || total
-------------------------++-------
Melee: War axe           ||   100
  Eat: Bread ration      ||     1
       Chunk             ||     1
Armor: Scale mail        ||     5
       Chain mail        ||    71
Dodge: Dodged            ||    36
Block: Shield            ||    44

Inventory:

Hand Weapons
 a - a +0 war axe (weapon)
Scrolls
 h - a scroll of amnesia {unknown}
 i - a scroll of enchant weapon {unknown}
 j - 2 scrolls of remove curse {unknown}
 l - 2 scrolls of identify {unknown}
 p - a scroll of blinking {unknown}
Potions
 d - a potion of might
 g - a potion of haste {unknown}
 m - a potion of lignification {unknown}
 o - 2 potions of mutation {unknown}
Comestibles
 k - 7 chunks of flesh

Dungeon Overview and Level Annotations

Branches:
Dungeon (2/15)

Altars:


You were on level 2 of the Dungeon.
You were not hungry.

You visited 1 branch of the dungeon, and saw 2 of its levels.

You collected 105 gold pieces.


Message History

Save game and exit?
Okay, then.
Unknown command.
Unknown command.
Things that are here:
an enchanted dagger; a kobold corpse An adder and a quokka come into view.
Health restored: 29
There are monsters nearby!
There are monsters nearby!
Welcome back, theanonym the Demonspawn Fighter.
The adder barely misses you.
You hit the adder.
The adder bites you but does no damage. x2
You miss the adder. The adder closely misses you.
The adder bites you but does no damage.
You slash the adder!
You kill the adder!
The quokka bites you but does no damage.
The quokka bites you but does no damage.
The quokka bites you but does no damage.
Drop what? 16/52 slots (_ for help) (? for menu, Esc to quit)
You drop a +0 scale mail.
The quokka bites you.
You stop dropping stuff.
You block the quokka's attack.
You take 1 damage, and have 28/29 hp.
You slash the quokka!
You kill the quokka!
No target in view!
No target in view!
No target in view!
No target in view!
You eat the bread ration.
That bread ration really hit the spot!
Drop what? 14/52 slots (_ for help) (? for menu, Esc to quit)
Okay, then.
Unknown command.
Drop what? 14/52 slots (_ for help) (? for menu, Esc to quit)
You start removing your armour.
You continue taking off your +0 pair of boots. x4
You finish taking off your +0 pair of boots.
You drop a +0 pair of boots.
You start removing your armour.
You continue taking off your +0 shield. x4
You finish taking off your +0 shield.
You drop a +0 shield.
You start removing your armour.
You continue taking off your +0 chain mail. x4
You finish taking off your +0 chain mail.
You drop a +0 chain mail.
Health restored: 29 Drop what? 11/52 slots (_ for help) (? for menu, Esc to quit)
Okay, then.
Unknown command.
You butcher the adder corpse.
k - 7 chunks of flesh (gained 2)
You see here an adder skeleton. x2
Found an escape hatch in the floor.
You now have 105 gold pieces (gained 12).
A hobgoblin comes into view.
The hobgoblin shouts!
A hobgoblin is nearby!
A hobgoblin is nearby!
A hobgoblin is nearby!
A hobgoblin is nearby!
A hobgoblin is nearby!
The hobgoblin barely misses you. The hobgoblin closely misses you.
The hobgoblin closely misses you. The hobgoblin barely misses you.
The hobgoblin closely misses you. The hobgoblin hits you.
You take 4 damage, and have 25/29 hp.
The hobgoblin barely misses you. The hobgoblin hits you.
You take 3 damage, and have 22/29 hp.
The hobgoblin hits you.
You take 5 damage, and have 17/29 hp.
The hobgoblin misses you. The hobgoblin hits you.
* * * LOW HITPOINT WARNING * * *
You take 3 damage, and have 14/29 hp.
The hobgoblin barely misses you. The hobgoblin hits you.
* * * LOW HITPOINT WARNING * * *
You take 1 damage, and have 13/29 hp.
The hobgoblin closely misses you. The hobgoblin hits you.
* * * LOW HITPOINT WARNING * * *
You take 4 damage, and have 9/29 hp.
The hobgoblin hits you.
* * * LOW HITPOINT WARNING * * *
You take 2 damage, and have 7/29 hp.
The hobgoblin closely misses you. The hobgoblin hits you.
* * * LOW HITPOINT WARNING * * *
You take 2 damage, and have 5/29 hp.
The hobgoblin misses you. The hobgoblin closely misses you.
The hobgoblin closely misses you. The hobgoblin hits you.
* * * LOW HITPOINT WARNING * * *
You take 1 damage, and have 4/29 hp.
The hobgoblin hits you.
You die...

#...........> ..#.#
###
#####.###########+#
#.........#
#.#.#####. .
#....## ...
#.#...###.....
#.............
#.#...###.....
#.##.@# ... #.###g#
. ... ##.## #.# #.#
#.# #.#


You could see a hobgoblin.

Notes
Turn   | Place    | Note
-------+----------+-------------------------------------------
     0 | D:1      | theanonym the Demonspawn Fighter began the quest for the Orb.
     0 | D:1      | Reached XP level 1. HP: 18/18 MP: 1/1
    25 | D:1      | Reached skill level 2 in Axes
    49 | D:1      | Gained mutation: Your flesh is cold resistant. (rC+) [demonic ancestry]
    49 | D:1      | Reached XP level 2. HP: 21/24 MP: 2/2
   331 | D:1      | HP: 11/24 [hobgoblin/club (2)]
   624 | D:1      | Gained mutation: You are immune to freezing clouds. [demonic ancestry]
   624 | D:1      | Reached XP level 3. HP: 29/29 MP: 3/3
   989 | D:2      | Reached skill level 3 in Axes
  1311 | D:2      | HP: 14/29 [hobgoblin (4)]
  1316 | D:2      | HP: 7/29 [hobgoblin (2)]
  1322 | D:2      | HP: 4/29 [hobgoblin (2)]
  1323 | D:2      | Slain by a hobgoblin

Vanquished Creatures
  An adder (D:2)
  3 dart slugs (D:1)
  4 leopard geckos
  A ball python (D:1)
  3 giant cockroaches
  3 goblins (D:1)
  4 hobgoblins
  2 jackals (D:2)
  2 quokkas (D:2)
  4 bats
  2 frilled lizards
  6 kobolds
  A rat (D:1)
36 creatures vanquished.
